 Dungeon Crawl Stone Soup version 0.31-a0-590-g8a5a4361df (webtiles) character file.

Game seed: 4774715849896560727

464 Dirtsage the Changeling (level 7, -8/43 HPs)
             Began as an Octopode Shapeshifter on Aug 19, 2023.
             Mangled by an ogre
             ... wielding a +0 giant spiked club
              (26 damage)
             ... on level 4 of the Dungeon.
             The game lasted 00:05:37 (2669 turns).

Dirtsage the Changeling (Octopode Shapeshifter)     Turns: 2669, Time: 00:05:38

Health: -8/43      AC:  1    Str: 15    XL:     7   Next: 8%
Magic:  7/7        EV: 13    Int: 12    God:
Gold:   270        SH:  0    Dex: 18    Spells: 6/6 levels left

rFire   + .          .
                       - Unarmed
rCold   . . .        (no shield)
rNeg    . . .        (helmet currently unavailable)
rPois   .            (no amulet)
rElec   .            F - ring of protection from fire
rCorr   .            n - +6 ring of dexterity
SInv    .            (no ring)
Will    .....        (no ring)
Stlth   +++          (no ring)
HPRegen 0.27/turn    (no ring)
MPRegen 0.10/turn    (no ring)
                     (no ring)

%: no passive effects
@: beast-form
A: beast (slay +4), almost no armour, amphibious, 8 rings, camouflage 1,
gelatinous body 1, (nimble swimmer 1), tentacles
a: Begin Untransformation


You were on level 4 of the Dungeon.
You were a hulking beast.
You visited 1 branch of the dungeon, and saw 4 of its levels.

You collected 270 gold pieces.

Inventory:

Missiles
 k - a throwing net
Jewellery
 g - an amulet of faith
 n - a +6 ring of dexterity (right tentacle)
 F - a ring of protection from fire (left tentacle)
Talismans
 b - a beast talisman (active)
 c - a flux talisman
Scrolls
 f - a scroll of immolation {unknown}
 i - 5 scrolls of identify {unknown}
 j - 2 scrolls of noise {unknown}
 l - a scroll of torment {unknown}
 m - 2 scrolls of silence {unknown}
 o - a scroll of butterflies {unknown}
 q - a scroll of teleportation {unknown}
 r - 2 scrolls of poison {unknown}
 u - a scroll of enchant armour {unknown}
Potions
 a - a potion of lignification
 d - 4 potions of curing {unknown}
 e - 3 potions of might {unknown}
 h - 2 potions of ambrosia {unknown}
 p - a potion of heal wounds {unknown}
 s - 2 potions of enlightenment {unknown}
 t - 2 potions of degeneration {unknown}


   Skills:
 - Level 1.0 Fighting
 - Level 2.0 Dodging
 - Level 3.0 Unarmed Combat
 + Level 6.7 Shapeshifting


You had 6 spell levels left.
You didn't know any spells.
Your spell library contained the following spells:

 Spells                   Type           Power      Damage    Failure   Level
 Kiss of Death            Conj/Necr      0%         2d5       32%         1
 Momentum Strike          Conj/Tloc      0%         3d8       45%         2
 Confusing Touch          Hex            0%         N/A       69%         3
 Teleport Other           Tloc           0%         N/A       69%         3
 Dispel Undead            Necr           0%         3d6       97%         4
 Starburst                Conj/Fire      0%         6d3       100%        6


Dungeon Overview and Level Annotations

Branches:
Dungeon (4/15)
 Temple: D:4-7

Altars:


Innate Abilities, Weirdness & Mutations

You are a hulking beast.
Your limbs bulge with bestial killing power. (Slay +4)
You cannot wear most types of armour.
You are amphibious.
You can wear up to eight rings at the same time.
Your skin changes colour to match your surroundings (Stealth+).
Your rubbery body absorbs attacks. (AC +1, EV +1)
((You are camouflaged when in or above water. (Stealth+)))
You have tentacles for arms and can constrict up to eight enemies at once.


Message History

You take 3 damage, and have 28/43 hp.
You tentacle-slap the orc.
The orc is moderately wounded.
You constrict the orc. The orc closely misses you.
You bludgeon the orc!
You kill the orc!
Items here: ( )) [[ ††.
An orc is nearby!
You regained 2 hp, and now have 31/43 hp.
You see here a hound corpse.
You tentacle-slap the orc. You grab the orc.
The orc is almost dead.
You constrict the orc.
You kill the orc!
No target in view!
No target in view!
No target in view!
No target in view!
You now have 270 gold pieces (gained 8).
Things that are here:
a +0 short sword; an orc corpse An ogre comes into view.
It is wielding a +0 giant spiked club.
The ogre shouts!
Health restored: 43 You see here 13 gold pieces.
Okay, then.
Search for what [? for help]? dart Unknown command.
You closely miss the ogre. You squeeze the ogre.
The ogre is lightly wounded.
The ogre hits you with a +0 giant spiked club!!
Ouch! That really hurt!
You take 25 damage, and have 18/43 hp.
MASSIVE DAMAGE!!
You tentacle-slap the ogre.
The ogre is lightly wounded.
You barely miss the ogre. You tentacle-slap the ogre. You squeeze the ogre.
The ogre is moderately wounded.
The ogre hits you with a +0 giant spiked club!!
Ouch! That really hurt!
You die...

...........####
.......................####
................##..##.....
................#...######.
#..............#.#.#####..
#...............#.......# .....
.....###(.......
######.####O.#.# #.........
#.........h....###......†..
#.......[..................
#........[..##..##...>.....
##...........#...##.........
####............# #............
#...............# ####.........
#.#############...........†....
##)# .#.####..††..... #..#
##..........


You could see an ogre.

Vanquished Creatures
  Sigmund (D:4)
  A howler monkey (D:4)
  2 hounds (D:4)
  2 iguanas (D:4)
  Terence (D:2)
  An orc wizard (D:4)
  2 adders
  A worm (D:4)
  2 dart slugs (D:1)
  7 orcs
  4 bats (D:1)
  6 endoplasms
  4 giant cockroaches
  10 goblins
  6 hobgoblins
  9 jackals
  4 kobolds
  5 quokkas
  5 ball pythons
  2 frilled lizards (D:1)
  7 rats
82 creatures vanquished.

Notes
Turn   | Place    | Note
-------+----------+-------------------------------------------
     0 | D:1      | Dirtsage the Octopode Shapeshifter began the quest for the
                  | Orb.
     0 | D:1      | Reached XP level 1. HP: 13/13 MP: 1/1
    55 | D:1      | Reached XP level 2. HP: 15/18 MP: 2/2
   194 | D:1      | Reached XP level 3. HP: 22/23 MP: 3/3
   396 | D:1      | Reached skill level 4 in Shapeshifting
   690 | D:2      | Noticed Terence
   694 | D:2      | Killed Terence
   695 | D:2      | Reached XP level 4. HP: 23/28 MP: 4/4
  2199 | D:4      | Reached XP level 5. HP: 33/33 MP: 5/5
  2236 | D:4      | Reached skill level 5 in Shapeshifting
  2252 | D:4      | HP: 1/33 [jackal (1)]
  2421 | D:4      | Got the Tome of Topology and Destruction
  2460 | D:4      | Noticed Sigmund
  2465 | D:4      | Killed Sigmund
  2466 | D:4      | Reached skill level 6 in Shapeshifting
  2466 | D:4      | Reached XP level 6. HP: 34/38 MP: 6/6
  2586 | D:4      | Reached XP level 7. HP: 37/43 MP: 7/7
  2669 | D:4      | Mangled by an ogre

Illustrated notes

Levels and vault maps discovered:
D:1:      dpeg_arrival_tiny_e, layout_rooms, serial_aquarium,
          aquarium_bridge_straight [aquarium_subvault_bridge,
          aquarium_subvault_wall, aquarium_subvault_bridge,
          aquarium_subvault_balcony], aquarium_bridge_square
          [aquarium_subvault_bridge, aquarium_subvault_window,
          aquarium_subvault_bridge, aquarium_subvault_window],
          aquarium_window_fake, aquarium_window_corridor_2, aquarium_view_2a,
          aquarium_balcony_1b, aquarium_pool_five
D:2:      layout_loops_ring, uniq_terence
D:3:      layout_basic, corexii_item_surrounded_by_moat
D:4:      layout_rooms, moated_statue, uniq_duvessa, uniq_sigmund

Skill      XL: |  1  2  3  4  5 |
---------------+----------------+-----
Shapeshifting  | 4 6 |  6.7
Fighting       | |  1.0
Dodging        | |  2.0
Unarmed Combat | |  3.0

Action                     |  1- 3 |  4- 6 |  7- 9 || total
---------------------------+-------+-------+-------++-------
  Melee: Unarmed           |    58 |    86 |    10 ||   154
         Constrict         |    21 |    26 |     3 ||    50
         Tentacles         |    12 |    28 |     3 ||    43
         Punch             |       |     3 |     1 ||     4
   Stab: Sleeping          |     2 |     9 |       ||    11
 Armour: Skin              |     5 |     9 |       ||    14
  Dodge: Dodged            |    30 |    56 |     1 ||    87

Table legend: (Time is in decaauts)
 A = Elapsed time spent in this place.
 B = Non-inter-level travel time spent in this place.
 C = Inter-level travel time spent in this place.
 D = Time resting spent in this place.
 E = Time spent auto-exploring this place.
 F = Levels seen in this place.
 G = Mean time per level.
                   A        B        C        D        E       F      G
               +--------+--------+--------+--------+--------+-----+--------+
         Total |   2658 |   2519 |    139 |      0 |   2061 |   4 |  664.5 |
       Dungeon |   2658 |   2519 |    139 |      0 |   2061 |   4 |  664.5 |
               +--------+--------+--------+--------+--------+-----+--------+

Top non-repeatable levels by time:
     D:3: 881 daAuts
     D:1: 654 daAuts
     D:2: 652 daAuts
     D:4: 470 daAuts
